 Dungeon Crawl Stone Soup version 0.31-a0-102-g33a4ccc0cb (webtiles) character file.

Game seed: 1670351508363706059

558 Sobieck the Conjurer (level 7, -1/36 HPs)
             Began as a Deep Elf Conjurer on May 26, 2023.
             Was an Initiate of Vehumet.
             Slain by a hornet (8 damage)
             ... on level 5 of the Dungeon.
             The game lasted 00:05:24 (4923 turns).

Sobieck the Conjurer (Deep Elf Conjurer)            Turns: 4923, Time: 00:05:24

Health: -1/36      AC:  6    Str:  4    XL:     7   Next: 9%
Magic:  10/17      EV: 12    Int: 25    God:    Vehumet [......]
Gold:   221        SH:  0    Dex: 13    Spells: 6/17 levels left

rFire   . . .        d - staff of cold
rCold   + . .        (no shield)
rNeg    . . .        a - +0 robe
rPois   .            p - +1 helmet
rElec   .            g - +1 cloak
rCorr   .            (no gloves)
SInv    .            (no boots)
Will    .....        (no amulet)
Stlth   ++           (no ring)
HPRegen 0.26/turn    (no ring)
MPRegen 0.15/turn

%: no passive effects
@: slowed, very slow
A: no striking features
a: Renounce Religion


You were on level 5 of the Dungeon.
You worshipped Vehumet.
Vehumet was noncommittal.
You visited 2 branches of the dungeon, and saw 6 of its levels.

You collected 221 gold pieces.

Inventory:

Armour
 a - a +0 robe (worn)
 g - a +1 cloak (worn)
 p - a +1 helmet (worn)
Magical Staves
 d - a staff of cold (weapon)
Jewellery
 l - an amulet of faith
Wands
 E - a wand of charming (7)
Scrolls
 c - a scroll of immolation
 e - a scroll of fear {unknown}
 f - a scroll of amnesia {unknown}
 j - a scroll of blinking {unknown}
 k - a scroll of torment
Potions
 b - 2 potions of magic
 h - a potion of attraction {unknown}
 i - 2 potions of enlightenment {unknown}
 m - a potion of berserk rage {unknown}
 o - a potion of brilliance
 H - a potion of haste
 Q - a potion of curing


   Skills:
 - Level 2.4 Dodging
 - Level 2.4 Stealth
 + Level 5.9 Spellcasting
 * Level 7.6 Conjurations
 + Level 3.8 Hexes


You had 6 spell levels left.
You knew the following spells:

 Your Spells              Type           Power      Damage    Failure   Level
a - Magic Dart            Conj           100%       1d8       1%          1
b - Searing Ray           Conj           90%        2d7       1%          2
c - Fulminant Prism       Conj/Hex       16%        3d11      10%         4
d - Iskenderun's Mystic   Conj/Tloc      22%        2d6       22%         4

Your spell library contained the following spells:

 Spells                   Type           Power      Damage    Failure   Level
 Static Discharge         Conj/Air       44%        2-4/arc   3%          2
 Dazzling Flash           Conj/Hex       64%        N/A       3%          3
 Tukima's Dance           Hex            26%        N/A       4%          3
 Sting                    Tmut/Pois      12%        1d3       11%         1
 Portal Projectile        Hex/Tloc       26%        N/A       14%         3
 Poisonous Vapours        Pois/Air       6%         N/A       16%         2
 Airstrike                Air            3%         2d(1-17)  58%         4
 Olgreb's Toxic Radiance  Pois           7%         N/A       58%         4
 Summon Lightning Spire   Summ/Air       3%         N/A       71%         4
 Blade Hands              Tmut           3%         N/A       91%         5


Dungeon Overview and Level Annotations

Branches:
Dungeon (5/15)             Temple (1/1) D:4

Altars:
Ashenzari
Elyvilon
Fedhas
Hepliaklqana
Makhleb
Nemelex Xobeh
Okawaru
Sif Muna
Trog
Vehumet
Wu Jian
Yredelemnul
Zin

Shops:
D:1 (

Annotations:
D:4 2 transporters, SecretSquirrel's ghost, amateur DsHu


Message History

There is a stone staircase leading down here.
j - a scroll labelled ZUISSA IN SEYMP
i - 2 emerald potions (gained 1)
There is an escape hatch in the ceiling here.
Found a stone staircase leading down.
There is a stone staircase leading down here.
An orc comes into view. It is wielding a +0 whip.
The orc shouts!
Unknown command.
The magic dart hits the orc!
You kill the orc!
Vehumet accepts your kill.
You can't see any susceptible monsters within range! (Use Z to cast anyway.)
You can't see any susceptible monsters within range! (Use Z to cast anyway.) Magic restored.
l - an amulet of faith
m - a fizzy orange potion A hornet comes into view.
The hornet buzzes angrily.
Unknown command.
Casting: Magic Dart (safe; 1% risk of failure)
Confirm with . or Enter, or press ? or * to list all spells.
Aiming: Searing Ray (safe; 1% risk of failure)
Press: ? - help, Shift-Dir - straight line, f - hornet
Aim: a hornet (73% to hit)
The searing ray hits the hornet.
The hornet is lightly wounded. (Press . to maintain the ray.)
The searing ray misses the hornet.
The searing ray hits the hornet.
The hornet is moderately wounded.
The hornet stings you!
You feel yourself slow down. The hornet stings you.
You feel as though you will be slow longer.
The searing ray hits the hornet.
The hornet is moderately wounded.
You finish channelling your searing ray.
The hornet barely misses you. x2
Casting: Searing Ray (safe; 1% risk of failure)
Confirm with . or Enter, or press ? or * to list all spells.
Aiming: Searing Ray (safe; 1% risk of failure)
Press: ? - help, Shift-Dir - straight line, f/p - hornet
Aim: a hornet (moderately wounded, 73% to hit)
The searing ray hits the hornet.
The hornet is heavily wounded. (Press . to maintain the ray.)
The hornet barely misses you. The hornet stings you!
* * * LOW HITPOINT WARNING * * *
You feel as though you will be slow longer.
The searing ray misses the hornet.
The hornet stings you!
You die...

#.##.# #.##.# #..#
#.##.# #.## #....##
#.# #.#...# ###.#
#.#.#.# ...#
#.#.#.#
#######.####.#.#.#
......y....#.#.#.#
#@##.#.#.#.#
#..........#
.#######.######.###
.........# #.#
#.######.# #.#
#.#####.######.#
...............#
........########
.########


You could see a hornet.

Vanquished Creatures
  2 ogres
  A scorpion (D:4)
  A gnoll bouda (D:4)
  An iguana (D:4)
  A sleepcap (D:4)
  Natasha (thrice) (D:2)
  9 gnolls
  2 adders
  A worm (D:2)
  3 orcs
  5 ball pythons
  3 endoplasms (D:1)
  4 giant cockroaches
  7 hobgoblins
  7 jackals
  A quokka (D:4)
  6 bats
  4 frilled lizards
  10 goblins
  6 kobolds
  3 rats (D:1)
80 creatures vanquished.

Notes
Turn   | Place    | Note
-------+----------+-------------------------------------------
     0 | D:1      | Sobieck the Deep Elf Conjurer began the quest for the Orb.
     0 | D:1      | Reached XP level 1. HP: 10/10 MP: 6/6
    80 | D:1      | Found Idiyho's Weapon Emporium.
   197 | D:1      | Reached XP level 2. HP: 15/15 MP: 6/8
   374 | D:1      | Reached skill level 5 in Conjurations
   379 | D:1      | Reached XP level 3. HP: 19/19 MP: 0/10
   382 | D:1      | Learned a level 2 spell: Searing Ray
  1107 | D:2      | Noticed Natasha
  1111 | D:2      | Killed Natasha
  1267 | D:2      | Reached XP level 4. HP: 24/24 MP: 3/12
  1272 | D:2      | Learned a level 4 spell: Fulminant Prism
  1277 | D:2      | Learned a level 4 spell: Iskenderun's Mystic Blast
  1589 | D:2      | Noticed Natasha
  1594 | D:2      | Killed Natasha
  1595 | D:2      | Reached skill level 1 in Hexes
  1814 | D:2      | Noticed Natasha
  1821 | D:2      | Killed Natasha
  1822 | D:2      | Reached skill level 6 in Conjurations
  2052 | D:3      | Reached XP level 5. HP: 28/28 MP: 8/13
  2053 | D:3      | Noticed an ogre
  2061 | D:3      | Killed an ogre
  2337 | D:3      | Reached XP level 6. HP: 32/32 MP: 9/15
  2410 | D:3      | Found a broken altar of Ashenzari.
  2516 | D:3      | Found an iron altar of Okawaru.
  3202 | D:4      | Reached skill level 3 in Hexes
  3202 | D:4      | Found a staircase to the Ecumenical Temple.
  3208 | Temple   | Entered the Ecumenical Temple
  3443 | Temple   | Became a worshipper of Vehumet
  3666 | D:4      | Found a transporter.
  3667 | D:4      | Found a transporter.
  3667 | D:4      | Noticed SecretSquirrel's ghost (amateur DsHu)
  3678 | D:4      | Reached skill level 7 in Conjurations
  4666 | D:5      | Entered Level 5 of the Dungeon
  4673 | D:5      | Reached XP level 7. HP: 17/36 MP: 9/17
  4917 | D:5      | Noticed a hornet
  4923 | D:5      | Slain by a hornet

Illustrated notes

Levels and vault maps discovered:
D:1:      minmay_arrival_arboretum_small, layout_basic, serial_shops, shop,
          serial_park_tiny_1
D:2:      layout_loops_corners, serial_bayou, serial_bayou_pond_c,
          serial_bayou_lake_a, serial_bayou_shore_b, serial_bayou_shore_a,
          serial_bayou_shore_b, serial_bayou_pond_d, uniq_natasha
D:3:      layout_basic, ashenzari_altar_1, okawaru_altar_gauntlet_db
D:4:      layout_layer_cave, minmay_temple_entry_hall, gammafunk_ghost_arena
D:5:      minmay_bubble_buster, layout_loops_ring,
          minmay_misc_feat_secret_circle
Temple:   nicolae_temple_figure_eight

Skill      XL: |  1  2  3  4  5  6 |
---------------+-------------------+-----
Conjurations   | 5 6 7 |  7.6
Spellcasting   | 4 5 |  5.9
Hexes          | 1 2 3 |  3.8
Dodging        | |  2.4
Stealth        | |  2.4

Action                     |  1- 3 |  4- 6 |  7- 9 || total
---------------------------+-------+-------+-------++-------
  Melee: Unarmed           |     4 |       |       ||     4
   Cast: Magic Dart        |    52 |    84 |     1 ||   137
         Searing Ray       |     1 |    13 |     2 ||    16
    Use: Scroll            |       |    10 |       ||    10
 Armour: Robe              |     3 |     7 |       ||    10
  Dodge: Dodged            |    11 |    15 |     3 ||    29

Table legend: (Time is in decaauts)
 A = Elapsed time spent in this place.
 B = Non-inter-level travel time spent in this place.
 C = Inter-level travel time spent in this place.
 D = Time resting spent in this place.
 E = Time spent auto-exploring this place.
 F = Levels seen in this place.
 G = Mean time per level.
                   A        B        C        D        E       F      G
               +--------+--------+--------+--------+--------+-----+--------+
         Total |   4981 |   4832 |    149 |    369 |   4039 |   6 |  830.2 |
       Dungeon |   4706 |   4596 |    110 |    357 |   3822 |   5 |  941.2 |
        Temple |    274 |    235 |     39 |     12 |    217 |   1 |  274.0 |
               +--------+--------+--------+--------+--------+-----+--------+

Top non-repeatable levels by time:
     D:4: 1313 daAuts
     D:2: 1225 daAuts
     D:3: 1198 daAuts
     D:1: 785 daAuts
  Temple: 274 daAuts
     D:5: 185 daAuts
